 Dungeon Crawl Stone Soup version 0.23-a0-109-g5e4b187028 (webtiles) character file.

589304 Zwiesh the Archmage (level 26, -7/96 (99) HPs)
             Began as a Spriggan Enchanter on Aug 21, 2018.
             Was the Champion of Dithmenos.
             Mangled by an Executioner (18 damage)
             ... while paralysed by a floating eye
             ... on level 16 of a ziggurat on Aug 22, 2018.
             The game lasted 06:05:42 (94864 turns).

Zwiesh the Archmage (Spriggan Enchanter)           Turns: 94864, Time: 06:05:43

HP:   -7/96 (99)    AC: 12    Str: 12 (13) XL:     26   Next: 16%
MP:   4/44          EV:  4    Int: 23 (24) God:    Dithmenos [******]
Gold: 5283          SH:  0    Dex: 12 (13) Spells: 10/79 levels left

rFire    . . .     SeeInvis +   z - +9 rapier (protect)
rCold    + + .     Gourm    .   (shield restricted)
rNeg     . . .     Faith    .   t - +2 robe of Vines {NoPotionHeal Regen+7}
rPois    +         Spirit   .   T - +2 hat {MR+}
rElec    +         Reflect  .   J - +2 cloak {rC+}
rCorr    .         Harm     .   (gloves unavailable)
MR       +++++     Rnd*Rage +   (boots unavailable) Stlth ++++......Rnd*Tele +
                                h - amulet "Ycsulirupe" {rElec Regen+ Str+6}
HPRegen  3.46/turn              C - ring of Azustroof {+Fly rPois rC+ Int+4}
MPRegen  0.29/turn              Y - ring of the Mage {Wiz MR++ Int+3}

@: paralysed, weakened, sap magic, contaminated, glowing, studying 2 skills,
drained, invisible (but backlit and visible), deflect missiles, very quick
A: very small, unfitting armour, fangs 1, molten scales 1, slimy green scales 1,
see invisible, berserk 1[+2], [clumsy 2], deformed body, [deterioration 2],
[dopey 2], herbivore, speed 3, frail 1[+2], [low mp 2], slow metabolism 2,
[teleportitis 3], [weak 2], [subdued magic 3]
}: 3/15 runes: serpentine, barnacled, silver
a: Shadow Step, Shadow Form, Renounce Religion, Evoke Flight


You were on level 16 of a ziggurat.
You worshipped Dithmenos.
Dithmenos was exalted by your worship.
You were not hungry.

You visited 10 branches of the dungeon, and saw 48 of its levels.
You visited 1 bazaar.
You visited 1 ziggurat, and saw 16 of its levels.
You also visited: Sewer, Bailey, Ice Cave and Wizlab.

You collected 9568 gold pieces.
You spent 4285 gold pieces at shops.

Inventory:

Hand Weapons
 z - a +9 rapier of protection (weapon)
Missiles
 e - 10 throwing nets (quivered)
Armour
 t - the +2 robe of Vines (worn) {NoPotionHeal Regen+7}
   (You acquired it on level 15 of the Dungeon)

   It increases your rate of regeneration.
 J - a +2 cloak of cold resistance (worn)
 O - a scarf of cloud immunity
 T - a +2 hat of magic resistance (worn)
Jewellery
 a - an uncursed ring of protection from fire
 h - the amulet "Ycsulirupe" (around neck) {rElec Regen+ Str+6}
   (You acquired it on level 2 of the Vaults)

   [amulet of regeneration]

   It affects your strength (+6).
   It insulates you from electricity.
   It increases your rate of regeneration.
 l - the cursed ring "Realer" {rElec rF+ EV-6, unknown}
   (You found it on level 15 of a ziggurat)

   [ring of evasion]

   It affects your evasion (-6).
   It protects you from fire.
   It insulates you from electricity.
   It has a curse placed upon it.
 m - a +2 ring of evasion
 s - the ring of Ymomudd {rC+ Str+2 Dex+7}
   (You found it on level 4 of the Depths)

   [ring of protection from cold]

   It affects your strength (+2).
   It affects your dexterity (+7).
   It protects you from cold.
 C - the ring of Azustroof (left hand) {+Fly rPois rC+ Int+4}
   (You found it in a wizard's laboratory)

   [ring of flight]

   It affects your intelligence (+4).
   It protects you from cold.
   It protects you from poison.
   It lets you fly.
 L - the ring "Ygoishuac" {*Drain *Slow rF+++ Dex+10 Stlth+}
   (You found it on level 9 of a ziggurat)

   [ring of stealth]

   It affects your dexterity (+10).
   It renders you almost immune to fire.
   It causes draining when unequipped.
   It may slow you when you take damage.
   It makes you more stealthy.
 Y - the ring of the Mage (right hand) {Wiz MR++ Int+3}
   (You found it on level 3 of the Elven Halls)

   [ring of wizardry]

   It improves your spell success rate.
   It affects your intelligence (+3).
   It affects your resistance to hostile enchantments.
Wands
 j - a wand of digging (28)
 x - a wand of acid (1)
 A - a wand of clouds (8)
 E - a wand of paralysis (121)
 R - a wand of enslavement (52)
Scrolls
 b - 4 scrolls of magic mapping
 g - 27 scrolls of remove curse
 p - 10 scrolls of fear
 r - 2 scrolls of summoning
 u - a scroll of immolation
 y - 16 scrolls of teleportation
 F - 6 scrolls of enchant armour
 I - 2 scrolls of amnesia
 K - 4 scrolls of blinking
 P - a scroll of silence
 Q - 10 scrolls of fog
 S - 3 scrolls of enchant weapon
 X - 16 scrolls of identify
Potions
 c - 29 potions of curing
 f - 3 potions of heal wounds
 i - 7 potions of berserk rage
 n - 5 potions of mutation
 o - 4 potions of haste
 q - 2 potions of might
 w - a potion of brilliance
 B - 5 potions of agility
 D - 6 potions of experience
 H - 4 potions of resistance
 M - 5 potions of flight
 N - 10 potions of cancellation
 U - 4 potions of invisibility
Books
 v - a manual of Translocations
 V - a manual of Staves
Miscellaneous
 G - 4 sacks of spiders
 W - 5 phantom mirrors
Comestibles
 d - 40 rations


   Skills:
 - Level 16.0(15.7) Fighting
 - Level 14.0(13.7) Short Blades
 + Level 25.9(25.5) Dodging
 O Level 27(26.6) Stealth
 O Level 27(26.6) Spellcasting
 - Level 19.0(18.6) Hexes
 - Level 5.0(4.7) Charms
 - Level 7.0(6.8) Summonings
 - Level 6.0(5.7) Necromancy
 - Level 17.1(16.8) Translocations
 - Level 5.0(4.7) Air Magic


You had 10 spell levels left.
You knew the following spells:

 Your Spells              Type           Power        Failure   Level  Hunger
a - Ensorcelled Hibernat  Hex/Ice        #####.       0%          2    None
b - Summon Mana Viper     Hex/Summ       #####...     0%          5    None
c - Confuse               Hex            ######..     0%          3    None
d - Tukima's Dance        Hex            ######..     0%          3    None
e - Dazzling Spray        Conj/Hex       #####.       0%          3    None
f - Cause Fear            Hex            ######....   0%          4    None
g - Silence               Hex/Air        #####.....   0%          5    None
h - Invisibility          Hex            ######..     0%          6    None
i - Controlled Blink      Tloc           N/A          1%          8    #####..
j - Discord               Hex            ######....   1%          8    #####..
k - Dispel Undead         Necr           ####....     1%          5    None
l - Summon Forest         Summ/Tloc      #####.....   0%          5    None
m - Shadow Creatures      Summ           N/A          1%          6    None
n - Deflect Missiles      Chrm/Air       ####......   5%          6    None

Your spell library contained the following spells:

 Spells                   Type           Power        Failure   Level  Hunger
 Animate Skeleton         Necr           N/A          0%          1    None
 Apportation              Tloc           ######       0%          1    None
 Corona                   Hex            ######.      0%          1    None
 Infusion                 Chrm           ####         0%          1    None
 Pain                     Necr           ####         0%          1    None
 Summon Butterflies       Summ           ####....     0%          1    None
 Blink                    Tloc           N/A          0%          2    None
 Corpse Rot               Necr           N/A          0%          2    None
 Shroud of Golubria       Chrm/Tloc      #####.....   0%          2    None
 Slow                     Hex            ######..     0%          2    None
 Song of Slaying          Chrm           ####....     0%          2    None
 Sublimation of Blood     Necr           ####......   0%          2    None
 Swiftness                Chrm/Air       ####....     0%          2    None
 Call Canine Familiar     Summ           ####....     0%          3    None
 Gell's Gravitas          Tloc           ######....   0%          3    None
 Inner Flame              Hex/Fire       #####...     0%          3    None
 Lesser Beckoning         Tloc           ######....   0%          3    None
 Portal Projectile        Hex/Tloc       ######       0%          3    None
 Recall                   Summ/Tloc      N/A          0%          3    None
 Spectral Weapon          Hex/Chrm       #####...     0%          3    None
 Teleport Other           Tloc           ######..     0%          3    None
 Fulminant Prism          Conj/Hex       #####.....   0%          4    None
 Leda's Liquefaction      Hex/Erth       #####.....   0%          4    None
 Passage of Golubria      Tloc           N/A          0%          4    None
 Darkness                 Hex            ######....   0%          6    None
 Beastly Appendage        Tmut           ###...       1%          1    None
 Flame Tongue             Conj/Fire      ###..        1%          1    None
 Freeze                   Ice            ###.         1%          1    None
 Magic Dart               Conj           ###.         1%          1    None
 Sandblast                Erth           ###...       1%          1    None
 Shock                    Conj/Air       ###.         1%          1    None
 Sting                    Conj/Pois      ###.         1%          1    None
 Passwall                 Tmut/Erth      ###.....     1%          2    None
 Poisonous Vapours        Pois/Air       ###...       1%          2    None
 Searing Ray              Conj           ###...       1%          2    None
 Sticks to Snakes         Tmut           ###.....     1%          2    None
 Throw Frost              Conj/Ice       ###...       1%          2    None
 Conjure Flame            Conj/Fire      ###.....     1%          3    None
 Ignite Poison            Fire/Tmut/Pois ###.....     1%          3    None
 Mephitic Cloud           Conj/Pois/Air  ###.....     1%          3    None
 Ozocubu's Armour         Chrm/Ice       ###.....     1%          3    None
 Regeneration             Chrm/Necr      ####......   1%          3    None
 Spider Form              Tmut/Pois      ###.......   1%          3    None
 Static Discharge         Conj/Air       ###.....     1%          3    None
 Stone Arrow              Conj/Erth      ###...       1%          3    None
 Vampiric Draining        Necr           ####......   1%          3    None
 Airstrike                Air            ####......   1%          4    None
 Animate Dead             Necr           N/A          1%          4    None
 Force Lance              Conj/Tloc      #####...     1%          4    None
 Summon Ice Beast         Ice/Summ       ###.....     1%          4    None
 Summon Lightning Spire   Summ/Air       ####....     1%          4    None
 Aura of Abjuration       Summ           ####......   1%          5    None
 Borgnjor's Vile Clutch   Necr/Erth      ###.......   1%          5    None
 Excruciating Wounds      Chrm/Necr      ####......   1%          5    None
 Summon Demon             Summ           ####......   1%          5    None
 Yara's Violent Unravell  Hex/Tmut       #####.....   1%          5    None
 Disjunction              Tloc           ######....   1%          8    #####..
 Ice Form                 Ice/Tmut       ###.....     2%          4    None
 Iskenderun's Mystic Bla  Conj           ###.....     2%          4    None
 Olgreb's Toxic Radiance  Pois           ###.....     2%          4    None
 Petrify                  Tmut/Erth      ###.....     2%          4    None
 Sticky Flame             Conj/Fire      ###.....     2%          4    None
 Iskenderun's Battlesphe  Conj/Chrm      ###.....     2%          5    None
 Lightning Bolt           Conj/Air       ###.......   2%          5    None
 Death Channel            Necr           ####......   3%          6    None
 Alistair's Intoxication  Tmut/Pois      ###.....     7%          5    None
 Blade Hands              Tmut           ###.......   7%          5    None
 Fireball                 Conj/Fire      ###.......   7%          5    None
 Irradiate                Conj/Tmut      ###.......   7%          5    None
 Lee's Rapid Deconstruct  Erth           ###.......   7%          5    None
 Venom Bolt               Conj/Pois      ###.......   7%          5    None
 Simulacrum               Ice/Necr       ###.......   12%         6    None
 Summon Hydra             Summ           ####......   14%         7    ###....
 Conjure Ball Lightning   Conj/Air       ###.......   16%         6    None
 Freezing Cloud           Conj/Ice/Air   ###.......   22%         6    None
 Bolt of Fire             Conj/Fire      ###.......   41%         6    None
 Hydra Form               Tmut           ###.......   41%         6    None
 Iron Shot                Conj/Erth      ###.......   41%         6    None
 Ozocubu's Refrigeration  Ice            ###.......   41%         6    None
 Statue Form              Tmut/Erth      ###......    41%         6    None
 Ring of Flames           Chrm/Fire      ###.......   65%         7    ###....
 Death's Door             Chrm/Necr      ####......   91%         8    #####..
 Dragon Form              Tmut           ###.......   94%         7    ###....
 Orb of Destruction       Conj           ###.......   94%         7    ###....
 Ignition                 Fire           ###.......   100%        8    #####..
 Dragon's Call            Summ           ####......   100%        9    ######.


Dungeon Overview and Level Annotations

Branches:
Dungeon (15/15)            Temple (1/1) D:6            Lair (6/6) D:10
 Shoals (4/4) Lair:3        Snake (4/4) Lair:4        Slime (0/5) Lair:5
    Orc (2/2) D:12            Elf (3/3) Orc:2        Vaults (5/5) D:13
  Crypt (3/3) Vaults:2       Tomb (0/3) Crypt:3      Depths (5/5) D:15
    Zot (0/5) Depths:5

Altars:
Ashenzari
Cheibriados
Dithmenos
Elyvilon
Fedhas
Gozag
Hepliaklqana
Kikubaaqudgha
Makhleb
Nemelex Xobeh
Okawaru
Qazlal
Ru
Sif Muna
Trog
Uskayaw
Vehumet
Wu Jian
Xom
Yredelemnul
Zin
The Shining One
Beogh

Shops:
D:4 *   D:10 (   D:11 =   Orc:1 ?   Orc:2 =(}[   Elf:3 (((   Shoals:2 (
Shoals:3 :   Shoals:4 :   Snake:2 (   Vaults:1 %   Depths:5 [

Portals:
Hell: Depths:1 Depths:2 Depths:3 Depths:4 Depths:5
Abyss: Depths:2 Depths:4 Depths:5
Pandemonium: Depths:3 Depths:4 Depths:5


Innate Abilities, Weirdness & Mutations

You are very small and have problems with some larger weapons.
You are too small for most types of armour.
You have supernaturally acute eyesight. (SInv)
You are a herbivore.
You cover ground extremely quickly.
You need to consume almost no food.
You have very sharp teeth.
You are partially covered in molten scales. (AC +2)
You are partially covered in slimy green scales. (AC +2)
Armour fits poorly on your strangely shaped body.
[You have an uncontrollable temper.]
[You are very clumsy. (Dex -4)]
[Your body often deteriorates upon taking damage.]
[You are very dopey. (Int -4)]
[You are extremely frail. (-30% HP)]
[Your magical capacity is very low. (-20% MP)]
[You are often teleported next to monsters.]
[You are very weak. (Str -4)]
[Your spells are much easier to cast, but much less powerful.]


Message History

The hell beast begins absorbing vital energies!
The Brimstone Fiend begins absorbing vital energies!
The lorocyproca begins absorbing vital energies!
The hell beast begins absorbing vital energies!
The cacodemon begins absorbing vital energies!
The infernal warmonger begins absorbing vital energies!
The Executioner begins absorbing vital energies!
The orange demon begins absorbing vital energies!
The reaper begins absorbing vital energies!
The Tzitzimitl begins absorbing vital energies!
The floating eye's stare focuses on you.
The Executioner hits you!!
You emit a cloud of dark smoke.
You feel your attacks grow feeble.
The Executioner hits you but does no damage. x2
The hellwing hits you!!
* * * LOW HITPOINT WARNING * * *
You feel drained. The hellwing hits you.
* * * LOW HITPOINT WARNING * * *
You feel drained. The Executioner hits you!!
You die...

.2.2.......▓▓
▓▓∩}!:)..12###..2......▓
▓=>):)}....#G#2.......∩.
▓∩[:?...2.###.........▓
▓}!46242....§.......▓▓
▓1?2.6.22.§§.2....▓▓
▓.X2&61..2§§§...▓▓
▓242§1.4§§§§..▓▓
▓@13..1§.§§.▓▓
▓▓▓▓▓▓▓▓▓▓▓▓▓


You could see Kyhionoasu, a Hell Sentinel, a Tzitzimitl, a Brimstone Fiend, 2
cacodemons, 2 demonspawn, 2 hell beasts, a lorocyproca (invisible), 3 reapers, a
green death, a gelid black sun, an Executioner, an orange demon, a large
abomination, 2 hellwings, a sixfirhy, a hellion and a floating eye.

Vanquished Creatures
  2 ancient liches
  Margery (Crypt:1)
  2 greater mummies
  Frederick (Depths:5)
  Xtahua (Depths:4)
  A caustic shrike (Depths:4)
  Jory (Depths:2)
  2 bone dragons
  3 golden dragons
  5 liches
  A shard shrike zombie (Crypt:1)
  A Cloud Mage (WizLab)
  Asterion (Depths:3)
  5 tentacled monstrosities
  3 deep elf blademasters
  3 tentacled starspawn (Zig:14)
  4 quicksilver dragons
  2 deep elf master archers (Elf:3)
  2 sphinxes (Vaults:4)
  A kraken (Shoals:4)
  3 ancient champions
  5 shadow dragons
  Roxanne (Shoals:1)
  The ghost of strelocc the Fighter, a journeyman HOFi of the Shining One (Lair:5)
  2 storm dragons
  5 nagarajas
  10 tengu reavers
  A draconian knight (Zig:8)
  A juggernaut zombie (Crypt:2)
  A ghost moth (Zig:12)
  10 vault wardens
  A draconian scorcher (Depths:5)
  6 fire giants
  9 frost giants
  Louise (Elf:1)
  8 deep elf sorcerers
  A warmonger (Zig:7)
  3 curse skulls
  10 ghouls
  2 iron dragons
  An emperor scorpion (Zig:12)
  9 ironheart preservers
  8 deep elf elementalists
  An orc warlord (Bailey)
  A war gargoyle (Vaults:5)
  9 reapers
  2 spriggan defenders
  17 very ugly things
  A draconian annihilator (Depths:5)
  2 entropy weavers (Vaults:4)
  16 stone giants
  7 vampire knights
  3 deep elf demonologists (Elf:3)
  2 grey draconians (Depths:5)
  A lorocyproca (Zig:7)
  2 bennus (Zig:13)
  2 purple draconians (Depths:5)
  2 yellow draconians (Depths:5)
  3 spark wasps (WizLab)
  7 deep elf annihilators
  2 red draconians (Depths:5)
  The ghost of Lemiesh the Unseen, a journeyman SpEn of Dithmenos (Orc:2)
  10 eidola
  A minotaur (Lair:5)
  3 mummy priests
  2 blizzard demons
  5 ettins
  2 merfolk javelineers
  11 deep elf death magi
  8 jiangshi
  8 fire dragons
  6 merfolk impalers
  Josephine (Shoals:1)
  6 great orbs of eyes
  A quicksilver dragon zombie (Crypt:3)
  11 yaktaur captains
  8 deep elf high priests
  6 rakshasas
  13 vault guards
  10 hydras
  5 quicksilver dragon skeletons
  12 naga warriors
  10 centaur warriors
  9 ice dragons
  2 spriggan air magi
  21 anacondas
  5 ghost crabs (WizLab)
  5 deep troll shamans
  26 dancing weapons
  12 ogre magi
  An alligator snapping turtle (Shoals:3)
  34 two-headed ogres
  5 merfolk aquamancers
  3 death knights
  7 tengu warriors
  2 death scarabs (Zig:13)
  8 deep troll earth magi
  13 vampire magi
  15 naga sharpshooters
  9 shock serpents
  2 titan zombies (Crypt:3)
  12 hell knights
  Sonja (Orc:2)
  2 titan skeletons
  12 deep elf knights
  3 spriggan berserkers
  A storm dragon zombie (Crypt:1)
  2 soul eaters
  A shadow wraith (Zig:6)
  3 spriggans (Depths:5)
  An iron troll (Zig:3)
  A fire crab (shapeshifter) (Depths:1)
  A storm dragon skeleton (Crypt:3)
  A salamander mystic (Snake:3)
  A sixfirhy (Depths:3)
  A spark wasp zombie (Zig:13)
  A spatial maelstrom (Zig:14)
  11 skeletal warriors
  5 flayed ghosts
  A gelid demonspawn (Depths:5)
  2 wretched stars (Zig:14)
  An anaconda zombie (Crypt:3)
  2 unseen horrors
  15 sea snakes
  An orange crystal statue (Zig:10)
  5 death drakes (WizLab)
  7 glowing orange brains
  11 deep elf archers
  9 naga ritualists
  A shadow demon (Depths:5)
  13 deep trolls
  5 wizards
  2 golden dragon skeletons
  24 phantasmal warriors
  9 ironbrand convokers
  3 oklob plants (Zig:9)
  2 wolf spider zombies
  18 necromancers
  51 deep elf magi
  2 iron dragon zombies (Crypt:3)
  A stone giant zombie (Zig:2)
  13 harpies
  20 orc knights
  4 orc sorcerers
  5 fire giant zombies (Depths:2)
  5 wolf spiders
  12 mana vipers
  A sphinx skeleton (Zig:4)
  A wolf spider (shapeshifter) (Vaults:5)
  18 fauns
  6 frost giant zombies
  39 ugly things
  A shining eye (shapeshifter) (Depths:4)
  2 shadow dragon skeletons
  A rust devil (Depths:3)
  13 manticores
  A frost giant skeleton (Crypt:3)
  14 salamanders
  7 merfolk sirens
  5 elephants
  23 cyclopes
  Maurice (Orc:2)
  An ice statue (IceCv)
  46 black mambas
  A water nymph (shapeshifter) (Depths:5)
  2 water nymphs
  10 guardian serpents
  An orc zombie (Vaults:2)
  A gargoyle (D:10)
  3 apocalypse crabs (WizLab)
  A stone giant skeleton (Crypt:3)
  A dire elephant zombie (Crypt:2)
  A titan simulacrum (Crypt:2)
  12 vault sentinels
  An alligator snapping turtle skeleton (Crypt:1)
  An emperor scorpion zombie (Crypt:3)
  16 naga magi
  2 spiny frogs (shapeshifter)
  A catoblepas zombie (Crypt:1)
  A hellion (Depths:3)
  2 shock serpent skeletons
  14 spiny frogs
  A kobold demonologist (D:14)
  6 komodo dragons
  42 yaktaurs
  A rime drake (Lair:5)
  23 freezing wraiths
  A spark wasp simulacrum (Zig:13)
  An ice devil (Zig:4)
  6 guardian mummies
  A catoblepas skeleton (Crypt:3)
  An ancient zyme (Zig:14)
  A harpy zombie (Crypt:3)
  2 hydra zombies
  12 hellwings (Crypt:3)
  13 trolls
  20 merfolk
  A queen bee (shapeshifter) (Elf:2)
  A red devil (Depths:5)
  A tengu conjurer (Depths:3)
  A wind drake (shapeshifter) (Vaults:1)
  3 jumping spiders
  16 wind drakes
  9 polar bears (Lair:6)
  13 blink frogs
  A dream sheep (shapeshifter) (Vaults:2)
  A dream sheep (Lair:6)
  9 hornets
  3 raiju
  A frost giant simulacrum (Vaults:4)
  14 snapping turtles
  24 slime creatures
  12 hippogriffs
  A fire dragon zombie (Crypt:3)
  2 hippogriffs (shapeshifter)
  3 stone giant simulacra
  A tarantella (shapeshifter) (Depths:4)
  10 flying skulls
  16 air elementals
  5 ettin skeletons
  5 redbacks (Crypt:3)
  A spriggan (shapeshifter) (Vaults:3)
  2 tarantellas (Vaults:4)
  7 fire dragon skeletons
  A tyrant leech zombie (Crypt:2)
  14 water elementals
  11 wraiths
  2 shadows
  26 yaks
  2 vampires
  7 wyverns
  A fire elemental (Elf:1)
  4 ushabtiu
  An elf skeleton (Zig:4)
  4 basilisks
  A hungry ghost (D:15)
  2 neqoxecs
  3 chaos spawn
  2 spatial vortices (Zig:14)
  A steam dragon (Lair:4)
  14 wargs
  4 vampire mosquitoes
  15 insubstantial wisps (Depths:3)
  9 large abominations
  44 nagas
  5 acid dragons
  A swamp worm (shapeshifter) (Vaults:5)
  8 porcupines
  A floating eye (shapeshifter) (Vaults:5)
  25 water moccasins
  A monstrous demonspawn skeleton (Crypt:1)
  25 hell hounds
  17 ice beasts
  2 human zombies (Vaults:2)
  A hornet zombie (D:10)
  A dream sheep zombie (Crypt:2)
  An ettin simulacrum (Vaults:2)
  48 orc warriors
  6 sky beasts
  An elf simulacrum (Zig:13)
  2 snapping turtle zombies (Crypt:3)
  An ice dragon simulacrum (Crypt:1)
  43 ogres
  13 black bears
  5 necrophages
  An alligator simulacrum (IceCv)
  22 centaurs
  2 phantoms
  3 boggarts (Vaults:3)
  A snapping turtle skeleton (Crypt:3)
  A wolf (shapeshifter) (Depths:1)
  31 wolves
  A swamp dragon skeleton (Crypt:2)
  15 crocodiles
  3 human skeletons
  17 bullfrogs
  An elf zombie (Crypt:1)
  10 small abominations
  A big kobold (D:7)
  A wyvern zombie (D:10)
  4 earth elementals
  A glowing shapeshifter simulacrum (Vaults:1)
  10 wyvern skeletons (Crypt:3)
  2 scorpions
  A troll zombie (Crypt:1)
  A spriggan zombie (Crypt:3)
  9 killer bees
  A spectral wolf (Depths:2)
  13 wights
  5 howler monkeys
  An electric eel (Snake:4)
  7 crimson imps
  2 centaur zombies
  2 quasits
  4 draconian simulacra (IceCv)
  A human simulacrum (Vaults:2)
  5 jellies
  A soldier ant zombie (Crypt:2)
  6 hounds
  27 orc wizards
  23 orc priests
  An iron imp (Depths:3)
  A bullfrog skeleton (Crypt:1)
  6 centaur skeletons
  Jessica (D:3)
  3 iguanas
  Terence (D:3)
  Natasha (D:3)
  2 spriggan simulacra (IceCv)
  7 worker ants
  5 troll simulacra (IceCv)
  A lightning spire (Zig:11)
  A polar bear simulacrum (IceCv)
  2 killer bee zombies (D:8)
  2 wolf simulacra (IceCv)
  A dwarf zombie (Crypt:2)
  An ogre zombie (Crypt:2)
  2 centaur simulacra (IceCv)
  An ogre skeleton (Crypt:1)
  A big kobold skeleton (Crypt:2)
  A naga skeleton (Crypt:3)
  A hound zombie (D:7)
  A hound skeleton (D:9)
  12 mummies
  A howler monkey zombie (D:7)
  14 adders
  11 gnolls
  2 howler monkey skeletons
  6 naga simulacra (IceCv)
  An ogre simulacrum (IceCv)
  A swamp drake skeleton (Crypt:1)
  5 shadow imps
  14 white imps
  An adder skeleton (D:5)
  An adder zombie (D:9)
  2 worms
  10 ball lightnings (Depths:3)
  8 leopard geckos
  124 orcs
  A bat zombie (D:2)
  5 giant cockroaches
  13 goblins
  11 hobgoblins
  14 jackals
  7 quokkas
  9 bats
  6 frilled lizards
  A giant cockroach zombie (D:6)
  A goblin zombie (Crypt:2)
  19 kobolds
  A leopard gecko skeleton (Crypt:2)
  9 rats
  A rat zombie (D:2)
  A butterfly (Lair:6)
  2 crawling corpses (Elf:3)
  A plant (Lair:2)
  6 starspawn tentacles (Zig:14)
  2 withered plants (Crypt:3)
2366 creatures vanquished.

Vanquished Creatures (collateral kills)
  2 pandemonium lords
  A juggernaut (Zig:11)
  Sojobo (Vaults:4)
  A golden dragon (Vaults:5)
  A bone dragon (Zig:14)
  2 liches
  An Executioner (Zig:7)
  2 titans (Vaults:5)
  A tengu reaver (Vaults:4)
  A storm dragon (Zig:9)
  5 shadow dragons
  5 nagarajas
  A fire giant (Depths:3)
  A balrug (Zig:7)
  A corrupter (Zig:7)
  A war gargoyle (Vaults:5)
  2 draconian annihilators (Zig:10)
  2 very ugly things (Depths:3)
  A blood saint (Zig:10)
  2 reapers
  4 ironheart preservers
  An entropy weaver (Zig:12)
  A spark wasp (WizLab)
  2 deep elf annihilators
  4 naga warriors
  A blizzard demon (WizLab)
  A deep elf high priest (Vaults:5)
  2 ettins
  2 merfolk javelineers (Shoals:4)
  3 fire dragons (Zig:9)
  19 vault guards (Vaults:5)
  3 ogre magi
  An ice dragon (Zig:9)
  2 yaktaur captains
  2 anacondas
  A ghost crab (WizLab)
  A spriggan air mage (Depths:3)
  A merfolk aquamancer (Shoals:4)
  9 two-headed ogres
  2 deep troll shamans (Depths:3)
  4 orc high priests (Zig:11)
  4 deep troll earth magi
  3 naga sharpshooters
  2 shock serpents
  A soul eater (Crypt:3)
  2 wretched stars (Zig:14)
  3 iron trolls
  A salamander mystic (Snake:2)
  10 deep trolls
  A swamp dragon (Zig:9)
  A death drake (WizLab)
  2 manticores (Shoals:4)
  4 ironbrand convokers
  4 naga ritualists
  A harpy (shapeshifter) (Vaults:1)
  4 mana vipers
  5 orc sorcerers
  An oklob plant (Zig:9)
  2 necromancers
  3 wolf spiders (Zig:12)
  2 orb spiders (Zig:12)
  A faun (Shoals:3)
  A deep elf mage (Vaults:5)
  2 cyclopes
  3 guardian serpents
  2 smoke demons (Zig:14)
  A moth of wrath (Zig:11)
  A torpor snail (Zig:12)
  10 naga magi
  3 vault sentinels (Vaults:1)
  3 black mambas
  A spiny frog (shapeshifter) (Depths:3)
  11 yaktaurs
  A demonic crawler (Zig:15)
  A komodo dragon (shapeshifter) (Depths:3)
  An ice devil (Zig:4)
  An ancient zyme (Zig:14)
  7 merfolk (Shoals:4)
  2 hornets (Zig:12)
  A jumping spider (Vaults:4)
  2 raiju (Zig:15)
  A large abomination (Zig:14)
  5 tarantellas
  4 redbacks
  A ynoxinul (Zig:14)
  A vampire (Zig:15)
  2 water elementals (Depths:2)
  2 ushabtiu (Zig:13)
  A small abomination (Zig:14)
  A chaos spawn (Zig:15)
  A human simulacrum (Vaults:1)
  A warg (Zig:11)
  20 nagas
  3 swamp drakes (Zig:9)
  14 orc warriors
  8 ogres
  A wolf (Depths:2)
  An orc priest (Zig:11)
  4 orc wizards
  3 mummies
  A gnoll (D:4)
  11 orcs
  A starspawn tentacle (Zig:15)
298 creatures vanquished.

Vanquished Creatures (others)
  2 sphinxes
  A tentacled starspawn (Zig:15)
  2 storm dragons
  A deep elf sorcerer (Elf:3)
  A blood saint (Zig:8)
  An emperor scorpion (Zig:12)
  2 very ugly things
  An entropy weaver (Zig:12)
  2 deep elf demonologists (Elf:3)
  A naga warrior (Snake:3)
  An eidolon (Crypt:1)
  A blizzard demon (WizLab)
  A fire dragon (Zig:9)
  A merfolk impaler (Shoals:4)
  An ice dragon (Depths:3)
  A yaktaur captain (Vaults:1)
  A monstrous demonspawn (Zig:7)
  5 vault guards (Vaults:5)
  3 deep trolls (Depths:3)
  A centaur warrior (D:15)
  3 merfolk aquamancers
  2 two-headed ogres
  A deep troll earth mage (Depths:3)
  A hell hog (Zig:15)
  A vampire mage (Zig:15)
  A thrashing horror (Zig:15)
  A naga ritualist (Snake:4)
  A naga sharpshooter (Snake:4)
  2 wizards
  2 harpies
  3 naga magi
  A wolf spider (Vaults:5)
  A deep elf mage (Elf:3)
  An ugly thing (Depths:3)
  A salamander (Snake:3)
  A moth of wrath (Zig:11)
  2 black mambas
  A torpor snail (Zig:12)
  A tormentor (Zig:7)
  2 guardian mummies
  2 jumping spiders (Zig:12)
  A troll (Vaults:2)
  A wind drake (Depths:3)
  3 raiju
  A flying skull (Zig:15)
  3 dancing weapons
  2 redbacks (Zig:12)
  A ynoxinul (Zig:14)
  A chaos spawn (Zig:14)
  A neqoxec (Zig:15)
  A warg (Zig:11)
  4 nagas
  2 swamp drakes (Zig:9)
  2 orc warriors
  A centaur (Vaults:2)
  An ogre (Vaults:2)
  2 orc wizards (Zig:11)
  3 mummies
  3 ball lightnings (Depths:3)
  4 orcs
  7 fungi
  20 plants
  7 starspawn tentacles
  4 tentacles (Shoals:4)
  9 withered plants (Crypt:3)
145 creatures vanquished.

Grand Total: 2809 creatures vanquished

Notes
Turn   | Place    | Note
-------+----------+-------------------------------------------
     0 | D:1      | Zwiesh the Spriggan Enchanter began the quest for the Orb.
     0 | D:1      | Reached XP level 1. HP: 9/9 MP: 5/5
   759 | D:1      | Reached XP level 2. HP: 8/13 MP: 4/7
   763 | D:1      | Learned a level 2 spell: Ensorcelled Hibernation
  1728 | D:2      | Reached XP level 3. HP: 16/16 MP: 9/9
  1733 | D:2      | Learned a level 3 spell: Confuse
  1737 | D:2      | Learned a level 3 spell: Tukima's Dance
  2370 | D:2      | Found an ancient bone altar of Kikubaaqudgha.
  3048 | D:3      | Reached XP level 4. HP: 19/21 MP: 0/11
  3144 | D:3      | Reached skill level 5 in Hexes
  3444 | D:3      | Gained mutation: Your system is resistant to poisons. (rPois) [potion of mutation]
  3444 | D:3      | Gained mutation: You occasionally shout uncontrollably at your foes. [potion of mutation]
  3444 | D:3      | Gained mutation: You are somewhat resistant to further mutation. [potion of mutation]
  3497 | D:3      | Noticed Terence
  3569 | D:3      | Killed Terence
  3762 | D:3      | Noticed Jessica
  3783 | D:3      | Killed Jessica
  3783 | D:3      | Reached XP level 5. HP: 24/24 MP: 3/13
  3959 | D:3      | Learned a level 3 spell: Dazzling Spray
  4305 | D:3      | Found an ornate altar of the Wu Jian Council.
  4414 | D:3      | Reached skill level 5 in Stealth
  4475 | D:3      | Noticed Natasha
  4481 | D:3      | Killed Natasha
  4931 | D:4      | Reached XP level 6. HP: 28/28 MP: 7/14
  5616 | D:4      | Reached XP level 7. HP: 27/32 MP: 5/15
  5889 | D:4      | Found Zin's Purification Station.
  5890 | D:4      | Found a glowing silver altar of Zin.
  5972 | D:5      | Entered Level 5 of the Dungeon
  6034 | D:5      | Reached skill level 10 in Stealth
  6050 | D:5      | Lost mutation: You are somewhat resistant to further mutation. [potion of mutation]
  6050 | D:5      | Lost mutation: You occasionally shout uncontrollably at your foes. [potion of mutation]
  6050 | D:5      | Gained mutation: You have sharp toenails. [potion of mutation]
  6050 | D:5      | Gained mutation: Armour fits poorly on your strangely shaped body. [potion of mutation]
  6050 | D:5      | Gained mutation: You are partially covered in slimy green scales. (AC +2) [potion of mutation]
  6496 | D:5      | Noticed a hornet
  6517 | D:5      | Killed a hornet
  6517 | D:5      | Reached XP level 8. HP: 27/36 MP: 5/16
  6921 | D:5      | Found a sparkling altar of Nemelex Xobeh.
  7127 | D:6      | Found a glowing drain.
  7132 | Sewer    | Entered a sewer
  7199 | Sewer    | Got a silken robe
  7225 | Sewer    | Identified the +1 robe of the Imp {*Contam rN+ Int+5} (You found it in a sewer)
  7366 | D:6      | Found a staircase to the Ecumenical Temple.
  7375 | Temple   | Entered the Ecumenical Temple
  7469 | Temple   | Became a worshipper of Dithmenos the Shadowed
  7718 | D:6      | Found a shattered altar of Ashenzari.
  7902 | D:6      | Reached skill level 15 in Stealth
  7964 | D:6      | Reached skill level 5 in Spellcasting
  8056 | D:6      | Found a basalt altar of Yredelemnul.
  8135 | D:7      | Found a bloodstained altar of Trog.
  8156 | D:7      | Found a flagged portal.
  8177 | D:7      | Reached * piety under Dithmenos
  8265 | Bailey   | Entered a bailey
  8270 | Bailey   | Noticed an orc warlord
  8348 | Bailey   | Noticed an orc knight
  8361 | Bailey   | Killed an orc knight
  8361 | Bailey   | Reached skill level 1 in Fighting
  8361 | Bailey   | Reached XP level 9. HP: 32/41 MP: 6/18
  8698 | Bailey   | Found a runed gate.
  8953 | Bailey   | Found a runed gate.
  8955 | Bailey   | Found a runed gate.
  9278 | Bailey   | Learned a level 4 spell: Cause Fear
  9288 | Bailey   | Identified a scroll of acquirement
  9559 | Bailey   | Killed an orc warlord
  9559 | Bailey   | Reached skill level 5 in Dodging
 10010 | D:7      | Reached ** piety under Dithmenos
 10033 | D:7      | Noticed a two-headed ogre
 10309 | D:7      | Reached XP level 10. HP: 45/47 MP: 6/21
 10981 | D:7      | Killed a two-headed ogre
 11223 | D:7      | Found a stormy altar of Qazlal.
 11545 | D:7      | You fall through a shaft for 2 floors!
 11956 | D:7      | Reached *** piety under Dithmenos
 12513 | D:8      | Reached skill level 5 in Short Blades
 13387 | D:9      | Found a deep blue altar of Sif Muna.
 13693 | D:10     | Entered Level 10 of the Dungeon
 13717 | D:10     | Found Dyigy's Antique Weapon Emporium.
 13729 | D:10     | Bought a runed rapier for 217 gold pieces
 13736 | D:10     | Reached **** piety under Dithmenos
 13736 | D:10     | Reached XP level 11. HP: 53/53 MP: 12/24
 14901 | D:10     | Found a staircase to the Lair.
 15739 | D:10     | Found a glowing golden altar of the Shining One.
 15866 | D:11     | Found Keung's Jewellery Boutique.
 16008 | D:11     | Found a glowing golden altar of the Shining One.
 16257 | D:11     | Reached ***** piety under Dithmenos
 16261 | D:11     | Reached skill level 5 in Fighting
 16499 | D:12     | Noticed a two-headed ogre
 16514 | D:12     | Killed a two-headed ogre
 16967 | D:12     | Reached XP level 12. HP: 51/60 MP: 26/26
 17056 | D:12     | Learned a level 6 spell: Invisibility
 17148 | D:12     | Reached skill level 10 in Dodging
 17195 | D:12     | Learned a level 5 spell: Silence
 17408 | D:12     | Found a staircase to the Orcish Mines.
 17982 | D:13     | Reached skill level 10 in Hexes
 18333 | D:13     | Found a shadowy altar of Dithmenos.
 18495 | D:13     | Noticed an eight-headed hydra
 18502 | D:13     | Killed an eight-headed hydra
 19004 | D:13     | Noticed a vault guard
 19006 | D:13     | Noticed a two-headed ogre
 19007 | D:13     | Noticed a vault guard
 19026 | D:13     | Killed a vault guard
 19026 | D:13     | Reached skill level 10 in Spellcasting
 19029 | D:13     | Killed a two-headed ogre
 19035 | D:13     | Killed a vault guard
 19036 | D:13     | Noticed a vault guard
 19040 | D:13     | Noticed a vault guard
 19044 | D:13     | Killed a vault guard
 19045 | D:13     | Noticed a vault guard
 19058 | D:13     | Killed a vault guard
 19075 | D:13     | Killed a vault guard
 19209 | D:13     | Noticed a vault guard
 19220 | D:13     | Killed a vault guard
 19237 | D:13     | Noticed a vault guard
 19256 | D:13     | Killed a vault guard
 19269 | D:13     | Found a gate to the Vaults.
 19331 | D:14     | Noticed a centaur warrior
 19336 | D:14     | Killed a centaur warrior
 19339 | D:14     | Noticed a two-headed ogre
 19366 | D:14     | Killed a two-headed ogre
 19506 | D:14     | Noticed a five-headed hydra
 19518 | D:14     | Killed a five-headed hydra
 19518 | D:14     | Reached XP level 13. HP: 45/65 MP: 28/28
 20583 | Lair:1   | Entered Level 1 of the Lair of Beasts
 20932 | Lair:1   | Reached skill level 10 in Short Blades
 20932 | Lair:1   | Reached XP level 14. HP: 61/70 MP: 29/29
 21233 | Lair:1   | Learned a level 3 spell: Spectral Weapon
 21546 | Lair:2   | Reached ****** piety under Dithmenos
 21807 | Lair:2   | Found a frozen archway.
 21867 | IceCv    | Entered an ice cave
 22291 | IceCv    | Found an ancient bone altar of Kikubaaqudgha.
 23498 | Lair:3   | Found a staircase to the Shoals.
 24514 | Lair:4   | Found a staircase to the Snake Pit.
 24584 | Lair:4   | Reached XP level 15. HP: 75/75 MP: 31/31
 25990 | Lair:5   | Found a runed gate.
 25990 | Lair:5   | Found a runed gate.
 25990 | Lair:5   | Found a runed gate.
 26029 | Lair:5   | Noticed strelocc's ghost (journeyman HOFi)
 26310 | Lair:5   | Killed strelocc's ghost
 26921 | Lair:5   | Found a staircase to the Slime Pits.
 27937 | Lair:6   | Entered Level 6 of the Lair of Beasts
 27970 | Lair:6   | Reached skill level 15 in Hexes
 29059 | Lair:6   | Found the +3 hat of Pondering {ponderous, MR+ MP+10 Int+5}
 30435 | Orc:1    | Entered Level 1 of the Orcish Mines
 30477 | Orc:1    | Found Tommutoim's Magic Scroll Boutique.
 31917 | Orc:2    | Entered Level 2 of the Orcish Mines
 32184 | Orc:2    | Found a staircase to the Elven Halls.
 32555 | Orc:1    | Found a radiant altar of Vehumet.
 33002 | Orc:2    | Noticed Sonja
 33014 | Orc:2    | Killed Sonja
 33038 | Orc:2    | Reached XP level 16. HP: 82/82 MP: 27/33
 33403 | Orc:1    | Learned a level 8 spell: Discord
 33589 | Orc:2    | Found Qawami's Antique Armour Emporium.
 33589 | Orc:2    | Found Paskaxir's Gadget Boutique.
 33604 | Orc:2    | Found a roughly hewn altar of Beogh.
 33858 | Orc:2    | Found Mujodig's Weapon Emporium.
 33858 | Orc:2    | Found Affy's Jewellery Boutique.
 34154 | Orc:2    | Noticed Maurice
 34194 | Orc:2    | Killed Maurice
 34328 | Orc:2    | Found a runed door.
 34328 | Orc:2    | Noticed Lemiesh's ghost (journeyman SpEn)
 34627 | Orc:2    | Killed Lemiesh's ghost
 34781 | Elf:1    | Entered Level 1 of the Elven Halls
 35544 | Elf:1    | Noticed Louise
 35546 | Elf:1    | Killed Louise
 36966 | Elf:2    | Noticed a deep elf blademaster
 36977 | Elf:2    | Killed a deep elf blademaster
 37461 | Elf:2    | Found a runed gate.
 37461 | Elf:2    | Found a runed gate.
 37461 | Elf:2    | Found a runed gate.
 37578 | Elf:2    | Reached skill level 15 in Dodging
 38282 | Elf:2    | Reached XP level 17. HP: 88/88 MP: 29/35
 38919 | Elf:3    | Entered Level 3 of the Elven Halls
 39349 | Elf:3    | Found Vuorokip's Antique Weapon Boutique.
 39351 | Elf:3    | Found Joukk's Antique Weapon Shop.
 39353 | Elf:3    | Found Mask's Weapon Boutique.
 39821 | D:15     | Entered Level 15 of the Dungeon
 40551 | D:15     | Found a staircase to the Depths.
 41197 | Depths:1 | Entered Level 1 of the Depths
 41212 | Depths:1 | Noticed a lich
 41215 | Depths:1 | Killed a lich
 41218 | Depths:1 | Reached skill level 10 in Fighting
 41249 | Depths:1 | Got a bloodstained short sword
 41250 | Depths:1 | Identified the +2 short sword "Gawo" {flame, rElec Int+2 Stlth+} (You found it on level 1 of the Depths)
 42583 | Depths:1 | Noticed a tentacled monstrosity
 42585 | Depths:1 | Killed a tentacled monstrosity
 42634 | Depths:1 | Found a gateway to Hell.
 42646 | Depths:1 | Identified the Reference Book on Ghastly Ignition
 43362 | Depths:1 | Reached XP level 18. HP: 60/94 MP: 20/37
 44564 | Depths:2 | Learned a level 5 spell: Dispel Undead
 44664 | Depths:2 | Reached skill level 1 in Necromancy
 44752 | Depths:2 | Noticed Jory
 44766 | Depths:2 | Found a basalt altar of Yredelemnul.
 45519 | Snake:1  | Entered Level 1 of the Snake Pit
 46604 | Snake:1  | Reached skill level 5 in Necromancy
 48288 | Snake:2  | Found Seuschoa's Weapon Boutique.
 49067 | Snake:3  | Reached skill level 15 in Spellcasting
 50114 | Snake:3  | Learned a level 5 spell: Summon Mana Viper
 51315 | Snake:4  | Entered Level 4 of the Snake Pit
 51611 | Snake:4  | Reached XP level 19. HP: 93/99 MP: 27/39
 52212 | Shoals:1 | Entered Level 1 of the Shoals
 52213 | Shoals:1 | Noticed Roxanne
 52235 | Shoals:1 | Killed Roxanne
 52962 | Shoals:1 | Noticed Josephine
 52964 | Shoals:1 | Killed Josephine
 53564 | Shoals:2 | Found Voulitan's Antique Weapon Emporium.
 53788 | Shoals:2 | Got a scorched lapis lazuli ring
 53790 | Shoals:2 | Identified the ring "Zeklad" {Wiz Dex+4} (You acquired it on level 2 of the Shoals)
 54412 | D:15     | Got a heavily runed lead amulet
 54413 | D:15     | Identified the amulet "Waet" {Reflect rElec Int+2 SH+2 SInv} (You acquired it on level 15 of the Dungeon)
 54429 | D:15     | Found the +2 robe of Vines {NoPotionHeal Regen+7}
 55166 | Shoals:3 | Found Hujirph's Book Boutique.
 55573 | Shoals:4 | Entered Level 4 of the Shoals
 55582 | Shoals:4 | Found Donudot's Book Shoppe.
 56408 | Shoals:4 | Got a barnacled rune of Zot
 57460 | Shoals:4 | Bought a manual of Spellcasting for 2208 gold pieces
 57735 | Vaults:1 | Entered Level 1 of the Vaults
 58591 | Vaults:1 | Reached XP level 20. HP: 107/107 MP: 42/42
 59181 | Vaults:1 | Found Zewik's Food Emporium.
 60313 | D:13     | Upgraded the game from 0.23-a0-106-g63f3d0bd30 to 0.23-a0-109-g5e4b187028
 62640 | Snake:4  | Found a deep blue altar of Sif Muna.
 62880 | Snake:4  | Got a serpentine rune of Zot
 65084 | Vaults:2 | Reached XP level 21. HP: 113/113 MP: 45/45
 65304 | Vaults:2 | Found a staircase to the Crypt.
 65349 | Vaults:2 | Got a twitching sapphire amulet
 65350 | Vaults:2 | Identified the amulet "Ycsulirupe" {rElec Regen+ Str+6} (You acquired it on level 2 of the Vaults)
 66332 | Vaults:3 | Found a magical portal.
 66353 | WizLab   | Entered The Chambers of the Cloud Mage
 66651 | WizLab   | Paralysed by you for 7 turns
 67403 | WizLab   | Got an ancient silver ring
 67433 | WizLab   | Identified the Compendium of the Birds
 67507 | WizLab   | Identified the ring of Azustroof {+Fly rPois rC+ Int+4} (You found it in a wizard's laboratory)
 67570 | Vaults:3 | Learned a level 5 spell: Summon Forest
 67606 | Vaults:3 | Reached skill level 1 in Summonings
 69149 | Elf:3    | Found the ring of the Mage {Wiz MR++ Int+3}
 70373 | Elf:3    | Reached XP level 22. HP: 120/120 MP: 48/48
 70394 | Elf:3    | Got a sparkling ruby amulet
 70395 | Elf:3    | Identified the amulet "Taduwae" {Acrobat +Blink Int-4 Dex+7 SInv} (You found it on level 3 of the Elven Halls)
 70425 | Elf:3    | Found the +18 shield of the Gong {rElec rN+ MR+ EV-5}
 70432 | Elf:3    | Got a scintillating lapis lazuli ring
 70435 | Elf:3    | Identified the ring "Leaxuaveh" {*Corrode rPois MR+ Str+4 Int+5} (You found it on level 3 of the Elven Halls)
 70501 | Elf:3    | Got a bound jade ring
 70507 | Elf:3    | Identified the ring of the Imp {Int+2 Dex+3 SInv} (You found it on level 3 of the Elven Halls)
 70516 | Elf:3    | Got a tattered robe
 70517 | Elf:3    | Identified the +2 robe of Jyquaj {Int+3 Slay+6 SInv} (You found it on level 3 of the Elven Halls)
 71076 | Vaults:4 | Noticed Sojobo
 71096 | Vaults:4 | Killed Sojobo
 71401 | Vaults:4 | Reached skill level 5 in Summonings
 73225 | Vaults:5 | Entered Level 5 of the Vaults
 74224 | Vaults:5 | Got a silver rune of Zot
 74269 | Vaults:5 | Identified the Grimoire of the Frostbite and Necromancy
 74532 | Vaults:5 | Reached skill level 15 in Fighting
 74532 | Vaults:5 | Reached XP level 23. HP: 126/126 MP: 39/50
 74678 | Vaults:5 | Identified the Almanac of Cloudy Poison
 75199 | Vaults:5 | Identified Sif Muna's Volume of Dislocated Heat
 75223 | Vaults:5 | Got a wavering brass ring
 75224 | Vaults:5 | Identified the ring of Luoskuu {rC+ EV+2 Str+4} (You found it on level 5 of the Vaults)
 76404 | Crypt:1  | Entered Level 1 of the Crypt
 77162 | Crypt:1  | Noticed Margery
 77165 | Crypt:1  | Killed Margery
 78840 | Crypt:2  | Got a vibrating platinum ring
 78841 | Crypt:2  | Identified the ring "Suwali" {*Slow Str+4 Dex+7 SInv Stlth+} (You found it on level 2 of the Crypt)
 79371 | Crypt:3  | Entered Level 3 of the Crypt
 79440 | Crypt:3  | Reached XP level 24. HP: 133/133 MP: 42/52
 79786 | Crypt:3  | Found a staircase to the Tomb.
 81073 | Crypt:3  | Found an ancient bone altar of Kikubaaqudgha.
 81567 | Crypt:3  | Noticed an ancient lich
 81602 | Crypt:3  | Killed an ancient lich
 81633 | Crypt:3  | Got a bound tin ring
 81634 | Crypt:3  | Identified the ring "Roemy" {rN+ Int+4} (You found it on level 3 of the Crypt)
 81638 | Crypt:3  | Got a twitching bronze ring
 81641 | Crypt:3  | Identified the Guide on Darkness
 81671 | Crypt:3  | Identified the ring "Ilis" {*Contam rElec rN+ Int+2 Dex+3} (You took it off a necromancer on level 3 of the Crypt)
 82536 | Shoals:3 | Bought a book of Summonings for 910 gold pieces
 82543 | Shoals:3 | Learned a level 6 spell: Shadow Creatures
 83255 | Depths:2 | Learned a level 6 spell: Deflect Missiles
 83359 | Depths:2 | Reached skill level 1 in Charms
 83416 | Depths:2 | Reached skill level 1 in Air Magic
 83686 | Depths:2 | Killed Jory
 84321 | Depths:2 | Found a one-way gate to the infinite horrors of the Abyss.
 84562 | Depths:3 | Found a one-way gate leading to the halls of Pandemonium.
 85047 | Depths:3 | Reached skill level 5 in Charms
 85048 | Depths:3 | Noticed Asterion
 85080 | Depths:3 | Killed Asterion
 86212 | Depths:3 | Identified the cursed +1 robe of Valiance {*Slow rF+ Int+4 Stlth+} (You found it on level 3 of the Depths)
 86481 | Depths:4 | Found a gateway to a ziggurat.
 86565 | Depths:4 | Found a flickering gateway to a bazaar.
 86572 | Bazaar   | Entered a bazaar
 86572 | Bazaar   | Found Eduidu's Distillery.
 86578 | Bazaar   | Found Waroax's Food Boutique.
 86587 | Bazaar   | Found Ecricukh's General Store.
 86606 | Bazaar   | Found Ypuocoq's Antique Weapon Shoppe.
 86623 | Bazaar   | Found Ivywejuh's Weapon Emporium.
 86659 | Bazaar   | Bought a potion of curing for 33 gold pieces
 86659 | Bazaar   | Bought a potion of agility for 44 gold pieces
 86659 | Bazaar   | Bought a potion of agility for 44 gold pieces
 86659 | Bazaar   | Bought a potion of might for 44 gold pieces
 86659 | Bazaar   | Bought 2 potions of haste for 220 gold pieces
 86668 | Bazaar   | Bought a ration for 40 gold pieces
 86668 | Bazaar   | Bought a ration for 40 gold pieces
 86668 | Bazaar   | Bought a ration for 40 gold pieces
 86668 | Bazaar   | Bought a ration for 40 gold pieces
 86668 | Bazaar   | Bought a ration for 40 gold pieces
 86668 | Bazaar   | Bought a ration for 40 gold pieces
 86668 | Bazaar   | Bought a ration for 40 gold pieces
 86668 | Bazaar   | Bought a ration for 40 gold pieces
 86668 | Bazaar   | Bought a ration for 40 gold pieces
 86668 | Bazaar   | Bought a ration for 40 gold pieces
 86668 | Bazaar   | Bought a ration for 40 gold pieces
 86668 | Bazaar   | Bought a ration for 40 gold pieces
 86679 | Bazaar   | Bought a ration for 85 gold pieces
 86734 | Depths:4 | Reached skill level 5 in Air Magic
 86739 | Depths:4 | Noticed Xtahua
 86750 | Depths:4 | Killed Xtahua
 86841 | Depths:4 | Reached skill level 27 in Spellcasting
 87358 | Depths:4 | Reached XP level 25. HP: 121/135 MP: 36/55
 87585 | Depths:4 | Got an ancient silver ring
 87591 | Depths:4 | Identified the ring of Ymomudd {rC+ Str+2 Dex+7} (You found it on level 4 of the Depths)
 87853 | Depths:5 | Entered Level 5 of the Depths
 88081 | Depths:5 | Noticed Frederick
 88083 | Depths:5 | Killed Frederick
 88243 | Depths:5 | Reached skill level 27 in Stealth
 88914 | Depths:5 | Found Jeimopt's Armour Boutique.
 89398 | D:15     | Learned a level 8 spell: Controlled Blink
 89870 | Depths:5 | Reached skill level 5 in Translocations
 89906 | Depths:5 | Found a gate to the Realm of Zot.
 90151 | Zig:1    | Entered Level 1 of a ziggurat
 90152 | Zig:1    | Noticed Vazir the pandemonium lord
 90164 | Zig:1    | Killed Vazir the pandemonium lord
 90419 | Zig:2    | Entered Level 2 of a ziggurat
 90451 | Zig:2    | Got a pitted copper ring
 90452 | Zig:2    | Identified the ring of Petsonin {Ice Dex+4} (You found it on level 2 of a ziggurat)
 90456 | Zig:3    | Entered Level 3 of a ziggurat
 90618 | Zig:4    | Entered Level 4 of a ziggurat
 90887 | Zig:5    | Entered Level 5 of a ziggurat
 90893 | Zig:5    | Noticed a greater mummy
 90917 | Zig:5    | Killed a greater mummy
 90923 | Zig:6    | Entered Level 6 of a ziggurat
 91419 | Zig:6    | Noticed an ancient lich
 91452 | Zig:6    | Killed an ancient lich
 91452 | Zig:6    | Reached skill level 15 in Translocations
 91855 | Zig:7    | Entered Level 7 of a ziggurat
 91864 | Zig:7    | Noticed Carofuyf the pandemonium lord
 91886 | Zig:7    | Killed Carofuyf the pandemonium lord
 92073 | Zig:7    | Identified the Catalogue of the Snowflakes and Earth
 92079 | Zig:8    | Entered Level 8 of a ziggurat
 92165 | Zig:8    | Identified the Reference Book on the Frostbite and the Rocks
 92263 | Zig:9    | Entered Level 9 of a ziggurat
 92532 | Zig:9    | Got a clouded wooden ring
 92533 | Zig:9    | Identified the ring "Ygoishuac" {*Drain *Slow rF+++ Dex+10 Stlth+} (You found it on level 9 of a ziggurat)
 92550 | Zig:10   | Entered Level 10 of a ziggurat
 92852 | Zig:10   | Identified Hutifoecw's Almanac of Virous Flight
 92880 | Zig:11   | Entered Level 11 of a ziggurat
 92893 | Zig:11   | Noticed a juggernaut
 92912 | Zig:11   | Killed a juggernaut
 93060 | Zig:12   | Entered Level 12 of a ziggurat
 93495 | Zig:13   | Entered Level 13 of a ziggurat
 93515 | Zig:13   | Noticed a greater mummy
 93531 | Zig:13   | Killed a greater mummy
 93531 | Zig:13   | Reached XP level 26. HP: 82/139 MP: 47/55
 93683 | Zig:13   | Gained mutation: [You are clumsy. (Dex -2)] [mutagenic glow]
 93844 | Zig:13   | Lost mutation: Your system is resistant to poisons. (rPois) [potion of mutation]
 93844 | Zig:13   | Lost mutation: [You are clumsy. (Dex -2)] [potion of mutation]
 93844 | Zig:13   | Lost mutation: You have sharp toenails. [potion of mutation]
 93844 | Zig:13   | Gained mutation: You have very sharp teeth. [potion of mutation]
 93844 | Zig:13   | Gained mutation: [You are frail. (-10% HP)] [potion of mutation]
 93844 | Zig:13   | Gained mutation: You are partially covered in molten scales. (AC +2) [potion of mutation]
 93872 | Zig:13   | Identified the Tome of the Birds
 93892 | Zig:14   | Entered Level 14 of a ziggurat
 93906 | Zig:14   | Found the +7 sceptre of Torment
 94421 | Zig:14   | Identified the Volume of Warped Arcane Weapons
 94797 | Zig:15   | Entered Level 15 of a ziggurat
 94812 | Zig:15   | Got a steaming iron ring
 94841 | Zig:16   | Entered Level 16 of a ziggurat
 94843 | Zig:16   | Gained mutation: [You have an uncontrollable temper.] [mutagenic glow]
 94859 | Zig:16   | Noticed Kyhionoasu the pandemonium lord
 94862 | Zig:16   | Paralysed by a floating eye for 4 turns
 94864 | Zig:16   | Mangled by an Executioner

Vault maps used:
D:1:      minmay_arrival_arboretum_small, minmay_stone_trees_medium,
          serial_bayou_lagoon_b
D:2:      lemuel_zombie_altar_kikubaaqudgha, kennysheep_doodads
D:3:      marbit_many_paths, uniq_natasha, uniq_jessica, uniq_terence
D:4:      zin_purify, first_ration
D:5:      kennysheep_little_box
D:6:      lemuel_round_altar, temple_fountains, gup_sewer_entry_bowl,
          lemuel_tele_altar
D:7:      nicolae_qazlal_eye_of_the_storm, lightli_bailey_entry_fortress,
          trog_book
D:9:      basic_altar, bh_walls_and_bars
D:10:     david_lair_generic, serial_shops, nicolae_shop_crystal,
          grunt_ogre_cave, minivault_22, nicolae_tso_carved_into_rock
D:11:     basic_altar, serial_shops, shop
D:12:     orc_0_dummy, serial_co_window_serial, co_window_corner_a,
          co_window_of_opportunity_a, co_window_paths_a,
          co_window_of_opportunity_a, co_window_paths_a, co_window_paths_a,
          co_window_2corner, co_window_paths_c, co_window_broadway_c,
          co_window_corner_cb, co_window_paths_c, co_window_broadway_b,
          co_window_corner_b, co_window_paths_d, glass_columns_b,
          glass_columns_a, glass_columns_b
D:13:     erik_vaults_2, nicolae_dithmenos_shadow_blocks
D:14:     grunt_decor_cap
D:15:     grunt_enter_depths_magical_seal, columned_hall_lemuel
Temple:   compressed_dpeg_circular_temple
Lair:2:   portal_ice_cave_entry_ice_beasts, fungi_pond_lemuel,
          serial_bayou_pond_a, serial_bayou_shore_b
Lair:3:   minmay_shoals_entry_lonely_mermaid, bh_chokoban, beast_lair_carwin_10
Lair:4:   minmay_snake_entry_six_corridors, lemuel_fruit_fields
Lair:5:   slime_dummy, maelrawn_ghost_labyrinth_escape
Lair:6:   hangedman_lair_caniforms_friends, st_stairs_13, lemuel_fruit_fields
Shoals:1: uniq_roxanne, uniq_josephine
Shoals:2: serial_shops, nicolae_shop_statue_plus
Shoals:3: serial_shops, shop_coins
Shoals:4: shoals_end_simple, serial_shops, shop_coins
Snake:1:  spider_trap, grunt_megastairs_2
Snake:2:  special_room, serial_shops, nicolae_shop_behind_doors,
          grunt_megastairs_3
Snake:4:  grunt_snake_rune_serpentine_throne, basic_altar, serial_bayou_shore_a
Orc:1:    giant_chief_lemuel, basic_altar, serial_shops, shop
Orc:2:    st_orc_town, ebering_ghost_inner_flame, uniq_maurice, uniq_sonja
Elf:1:    evilmike_minifort, uniq_louise
Elf:2:    laboratory
Elf:3:    elf_hall, statue_in_the_mist_lemuel, minmay_shop_star
Vaults:1: vaults_room_fancy_cross, nicolae_vaults_yaktaur_gun_rack,
          nicolae_vaults_little_squares_6, v_misc_15,
          vaults_room_grunt_arrival_ludios, nicolae_vaults_disjoint_gnomons,
          vaults_mumra_chevron_long, ontoclasm_vaults_water_temple,
          vaults_dpeg_cross, v_pattern_5, hangedman_vaults_variations,
          ontoclasm_vaults_ring_square, dpeg_vaults_monster_box, serial_shops,
          nicolae_shop_statue_plus
Vaults:2: hangedman_vaults_capsules, nicolae_vaults_fighting_squares,
          hangedman_vaults_nails, v_alt_pattern_1,
          vaults_room_grunt_arrival_checkpoint, minmay_crypt_entry_simple_plaza,
          v_rooms_2, nicolae_vaults_angled_halls, nicolae_vaults_rhombus_5,
          hangedman_vaults_maws, grunt_vaults_funnel
Vaults:3: hangedman_vaults_nails, vaults_dpeg_ring, vaults_room_boxed,
          hangedman_vaults_slice, hangedman_vaults_cutoff,
          ontoclasm_vaults_ligature, nicolae_vaults_asterisk,
          ontoclasm_vaults_fault, vaults_room_stairs_pillars, v_alt_pattern_4,
          v_misc_9, grunt_vaults_hallway_long, mu_enter_wizlab_4
Vaults:4: nicolae_vaults_big_angled_halls, vaults_room_door_ring,
          nicolae_vaults_ninety_degrees, vaults_room_grid, kb_rosetta,
          hangedman_vaults_slither, v_misc_5, v_misc_17,
          ontoclasm_vaults_ring_small, v_alt_pattern_4,
          nicolae_vaults_three_branches, nicolae_vaults_little_squares_2,
          nicolae_vaults_little_squares_3, nicolae_vaults_ring_of_whatevers,
          nicolae_vaults_network_periphery, uniq_sojobo
Crypt:1:  minmay_misc_feat_cross, hangedman_weighted_door, uniq_margery
Crypt:2:  cheibrodos_crypt_draghalla
Crypt:3:  evilmike_haunted_forest
Depths:1: hex_tiny, hell_entry, minmay_the_grid_2x2
Depths:2: lemuel_vampire_tower, pf_hell_entry_tar_spiral, abyss_entry_crystal,
          minmay_misc_feat_roman
Depths:3: kennysheep_oblong_rooms, grunt_hell_entry_dis_old,
          kennysheep_flooded_box, rand_demon_pan_entry_7, aerie_lemuel,
          uniq_asterion
Depths:4: evilmike_pillar_path, enter_ziggurat_f, abyss_entry_small_statue_room,
          minmay_misc_feat_diagonals, hangedman_geh_valley,
          rand_demon_pan_entry_4, serial_shops, bzr_entry_road,
          grunt_decor_mini_mirrors, infiniplex_staircase_zigzag_1,
          firewood_loft, uniq_xtahua
Depths:5: evilmike_zot_entry_gauntlet, abyss_entry, rand_demon_pan_entry_8,
          hell_entry, serial_shops, nicolae_shop_behind_doors,
          minmay_misc_feat_pillars, uniq_frederick
Zig:9:    ziggurat_pillar_centre_oklobs
Zig:14:   ziggurat_pillar_centre_dead_trees
Zig:16:   ziggurat_pillar_centre_c
Bazaar:   bazaar_kb_twisted_cavern
Sewer:    sewer_big_baddie
Bailey:   bailey_axe_bossmonster_kennysheep, bailey
IceCv:    ice_cave_small_necro
WizLab:   wizlab_cloud

Skill      XL: |  1  2  3  4  5  6  7  8  9 10 11 12 13 14 15 16 17 18 19 20 21 22 23 24 25 |
---------------+----------------------------------------------------------------------------+-----
Spellcasting   | 3 4 5 6 8 9 10 11 12 13 14 15 17 19 21 22 24 27 | 27.0
Hexes          | 4 5 6 7 8 9 11 13 14 15 17 18 19 | 19.0
Stealth        | 7 9 12 15 16 17 18 19 20 21 22 23 24 25 27 | 27.0
Fighting       | 1 2 4 5 6 7 8 9 10 12 13 14 15 16 | 16.0
Short Blades   | 2 3 5 7 8 10 11 12 13 14 | 14.0
Dodging        | 4 6 8 9 11 12 13 15 16 17 18 20 21 23 25 | 25.9
Necromancy     | 6 |  6.0
Summonings     | 4 7 |  7.0
Charms         | 5 |  5.0
Air Magic      | 5 |  5.0
Translocations | 17 | 17.1

Action                   |  1- 3 |  4- 6 |  7- 9 | 10-12 | 13-15 | 16-18 | 19-21 | 22-24 | 25-27 || total
-------------------------+-------+-------+-------+-------+-------+-------+-------+-------+-------++-------
Melee: Dagger            |   127 |   169 |   211 |   164 |       |       |       |       |       ||   671
       Kick              |       |       |    38 |   172 |   266 |   200 |   451 |   638 |   125 ||  1890
       Short sword       |       |       |       |   250 |       |       |       |       |       ||   250
       Rapier            |       |       |       |   309 |  1117 |   923 |  1470 |  1785 |   364 ||  5968
       Bite              |       |       |       |       |       |       |       |       |     4 ||     4
 Cast: Corona            |    15 |       |       |       |       |       |       |       |       ||    15
       Ensorcelled Hiber |    25 |    31 |    96 |    96 |   102 |    91 |   121 |    25 |       ||   587
       Confuse           |     1 |     5 |    12 |    59 |    34 |    59 |    48 |    71 |     9 ||   298
       Tukima's Dance    |       |     3 |       |     5 |     1 |     8 |     4 |       |       ||    21
       Dazzling Spray    |       |     1 |     7 |     8 |    11 |    69 |   117 |    20 |    14 ||   247
       Invisibility      |       |       |       |       |    17 |    24 |    27 |    21 |    20 ||   109
       Discord           |       |       |       |       |       |     5 |    16 |    11 |    19 ||    51
       Spectral Weapon   |       |       |       |       |       |     1 |       |       |       ||     1
       Summon Mana Viper |       |       |       |       |       |     3 |     3 |    35 |    13 ||    54
       Dispel Undead     |       |       |       |       |       |     3 |     1 |    84 |    12 ||   100
       Summon Forest     |       |       |       |       |       |       |       |     1 |     1 ||     2
       Deflect Missiles  |       |       |       |       |       |       |       |     1 |     2 ||     3
       Controlled Blink  |       |       |       |       |       |       |       |       |    10 ||    10
Invok: Shadow Step       |       |       |       |       |       |    13 |     5 |    17 |     4 ||    39
 Abil: Evoke Flight      |       |       |       |       |       |       |       |     4 |       ||     4
Evoke: Wand              |       |     6 |    16 |       |     3 |       |     5 |     7 |     1 ||    38
       Sack of spiders   |       |       |       |       |       |     1 |     4 |       |       ||     5
       Phantom mirror    |       |       |       |       |       |       |       |       |     1 ||     1
  Use: Scroll            |     6 |     5 |    10 |    10 |     8 |    19 |    22 |    22 |    10 ||   112
       Potion            |       |     1 |     3 |     2 |     4 |    16 |     8 |     2 |     5 ||    41
 Stab: Sleeping          |    17 |    18 |    59 |   109 |   187 |   218 |   166 |   211 |    42 ||  1027
       Distracted        |     1 |     1 |       |     3 |     8 |    14 |    26 |    19 |     6 ||    78
       Confused          |       |     1 |     7 |    51 |    21 |    40 |    25 |    42 |     2 ||   189
       Invisible         |       |     1 |     1 |     3 |    88 |    91 |   183 |    97 |    48 ||   512
  Eat: Ration            |     1 |     2 |     4 |     6 |     9 |    17 |    17 |     9 |     8 ||    73
Armor: Robe              |    13 |    23 |    23 |    61 |    80 |    27 |    81 |   109 |    49 ||   466
Dodge: Dodged            |   111 |   147 |   260 |   612 |  1067 |   636 |  1323 |  1432 |   502 ||  6090
       Deflected         |       |       |       |       |       |       |       |     1 |     9 ||    10

Table legend:
 A = Non-vault XP
 B = Vault XP
 C = Vault XP percentage of total XP
 D = Non-vault monster count
 E = Vault monster count
 F = Vault count percentage of total count
                 A         B        C        D         E       F
            +---------+---------+-------+---------+---------+-------
      Total |  680192 |  635891 |  48.3 |    1613 |    1084 |  40.2
            +---------+---------+-------+---------+---------+-------
        D:1 |      22 |       0 |   0.0 |      12 |       0 |   0.0
        D:2 |      48 |       3 |   5.9 |      15 |       2 |  11.8
        D:3 |     137 |      95 |  40.9 |      34 |       4 |  10.5
        D:4 |     476 |       0 |   0.0 |      22 |       0 |   0.0
        D:5 |     809 |       0 |   0.0 |      19 |       0 |   0.0
        D:6 |     611 |       5 |   0.8 |      19 |       3 |  13.6
        D:7 |    2795 |      65 |   2.3 |      44 |      12 |  21.4
        D:8 |    1332 |       0 |   0.0 |      38 |       0 |   0.0
        D:9 |    1473 |       0 |   0.0 |      27 |       0 |   0.0
       D:10 |    4063 |    1018 |  20.0 |      36 |       5 |  12.2
       D:11 |    2336 |       0 |   0.0 |      22 |       0 |   0.0
       D:12 |    5872 |       0 |   0.0 |      27 |       0 |   0.0
       D:13 |    4797 |    7705 |  61.6 |      21 |       8 |  27.6
       D:14 |    8429 |       0 |   0.0 |      32 |       0 |   0.0
       D:15 |   11247 |    5814 |  34.1 |      32 |      10 |  23.8
     Temple |      83 |       0 |   0.0 |       2 |       0 |   0.0
     Lair:1 |    2756 |       0 |   0.0 |      15 |       0 |   0.0
     Lair:2 |    6702 |    1051 |  13.6 |      25 |       8 |  24.2
     Lair:3 |    4171 |    3288 |  44.1 |      16 |       9 |  36.0
     Lair:4 |    6050 |    1854 |  23.5 |      16 |      15 |  48.4
     Lair:5 |    7641 |    2886 |  27.4 |      27 |       3 |  10.0
     Lair:6 |    2912 |    9679 |  76.9 |      13 |      58 |  81.7
   Shoals:1 |   11348 |    3568 |  23.9 |      24 |       5 |  17.2
   Shoals:2 |   15229 |       0 |   0.0 |      32 |       0 |   0.0
   Shoals:3 |    6409 |       0 |   0.0 |      16 |       0 |   0.0
   Shoals:4 |   14488 |   16888 |  53.8 |      34 |      34 |  50.0
    Snake:1 |   12948 |     679 |   5.0 |      32 |       2 |   5.9
    Snake:2 |   22578 |    3196 |  12.4 |      52 |       6 |  10.3
    Snake:3 |   24510 |       0 |   0.0 |      58 |       0 |   0.0
    Snake:4 |   30525 |   32732 |  51.7 |      59 |      60 |  50.4
      Orc:1 |    5546 |   14156 |  71.9 |      36 |      30 |  45.5
      Orc:2 |    4564 |    8740 |  65.7 |      43 |      56 |  56.6
      Elf:1 |   12471 |   10533 |  45.8 |      19 |      15 |  44.1
      Elf:2 |   11265 |   27172 |  70.7 |      22 |      41 |  65.1
      Elf:3 |   13950 |   45229 |  76.4 |      21 |      31 |  59.6
   Vaults:1 |   21721 |   19707 |  47.6 |      43 |      42 |  49.4
   Vaults:2 |   25100 |   22513 |  47.3 |      46 |      44 |  48.9
   Vaults:3 |   29912 |   14222 |  32.2 |      48 |      31 |  39.2
   Vaults:4 |   32895 |   34937 |  51.5 |      55 |      39 |  41.5
   Vaults:5 |   19605 |   96174 |  83.1 |      44 |      86 |  66.2
    Crypt:1 |   35036 |   10892 |  23.7 |      44 |      11 |  20.0
    Crypt:2 |   25832 |   23259 |  47.4 |      41 |      24 |  36.9
    Crypt:3 |       0 |   67410 | 100.0 |       0 |     109 | 100.0
   Depths:1 |   27981 |   12927 |  31.6 |      34 |      12 |  26.1
   Depths:2 |   19291 |   26216 |  57.6 |      25 |      48 |  65.8
   Depths:3 |   19340 |   18079 |  48.3 |      29 |      56 |  65.9
   Depths:4 |    3964 |   28999 |  88.0 |       7 |      18 |  72.0
   Depths:5 |   37857 |   29928 |  44.2 |      41 |      26 |  38.8
      Zig:1 |    8967 |       0 |   0.0 |       1 |       0 |   0.0
      Zig:2 |     963 |       0 |   0.0 |       4 |       0 |   0.0
      Zig:3 |    1932 |       0 |   0.0 |       6 |       0 |   0.0
      Zig:4 |    1923 |       0 |   0.0 |       6 |       0 |   0.0
      Zig:5 |    5770 |       0 |   0.0 |       5 |       0 |   0.0
      Zig:6 |   14474 |       0 |   0.0 |       7 |       0 |   0.0
      Zig:7 |    8372 |       0 |   0.0 |       8 |       0 |   0.0
      Zig:8 |    4675 |       0 |   0.0 |       9 |       0 |   0.0
      Zig:9 |    8403 |    1840 |  18.0 |      13 |       4 |  23.5
     Zig:10 |    7538 |     436 |   5.5 |      12 |       1 |   7.7
     Zig:11 |    9120 |      31 |   0.3 |      23 |       1 |   4.2
     Zig:12 |    7506 |       0 |   0.0 |      24 |       0 |   0.0
     Zig:13 |   18154 |       0 |   0.0 |      37 |       0 |   0.0
     Zig:14 |   22463 |       0 |   0.0 |      30 |       0 |   0.0
     Zig:15 |     805 |       0 |   0.0 |       9 |       0 |   0.0
      Sewer |       0 |     109 | 100.0 |       0 |       6 | 100.0
     Bailey |       0 |    2325 | 100.0 |       0 |      23 | 100.0
      IceCv |       0 |    6229 | 100.0 |       0 |      54 | 100.0
     WizLab |       0 |   23302 | 100.0 |       0 |      32 | 100.0
            +---------+---------+-------+---------+---------+-------
